 Dungeon Crawl Stone Soup version 0.21.1-1-g345015f (webtiles) character file.

188 senseless the Covered (level 5, -13/47 HPs)
             Began as a Hill Orc Fighter on June 27, 2018.
             Mangled by an ogre
             ... wielding a +0 giant spiked club
              (18 damage)
             ... on level 4 of the Dungeon.
             The game lasted 00:10:33 (2677 turns).

senseless the Covered (Hill Orc Fighter)            Turns: 2677, Time: 00:10:34

Health: -13/47     AC:  7    Str: 20    XL:     5   Next: 67%
Magic:  5/5        EV:  7    Int:  8    God:
Gold:   156        SH:  9    Dex: 10    Spells: 4/4 levels left

rFire    . . .     SeeInvis .   a - +0 long sword
rCold    . . .     Gourm    .   c - +0 shield
rNeg     . . .     Faith    .   b - +0 scale mail
rPois    .         Spirit   .   (no helmet)
rElec    .         Reflect  .   (no cloak)
rCorr    .         Harm     .   (no gloves)
MR       .....                  (no boots)
Stlth    ..........             (no amulet)
HPRegen  0.15/turn              (no ring)
MPRegen  0.09/turn              (no ring)

@: no status effects
A: no striking features
a: no special abilities


You were on level 4 of the Dungeon.
You were very hungry.

You visited 1 branch of the dungeon, and saw 4 of its levels.

You collected 156 gold pieces.

Inventory:

Hand Weapons
 a - a +0 long sword (weapon)
Armour
 b - a +0 scale mail (worn)
 c - a +0 shield (worn)
Jewellery
 q - an uncursed ring of flight {unknown}
Scrolls
 g - a scroll of remove curse {unknown}
 h - 2 scrolls of amnesia {unknown}
 k - 4 scrolls of identify {unknown}
 l - 2 scrolls of enchant weapon {unknown}
 m - a scroll of fog {unknown}
 o - 2 scrolls of teleportation {unknown}
 r - a scroll of random uselessness {unknown}
 s - a scroll of immolation {unknown}
 t - 2 scrolls of enchant armour {unknown}
 w - a scroll of magic mapping {unknown}
Potions
 d - 2 potions of might
 e - a potion of degeneration {unknown}
 i - a potion of haste {unknown}
 j - a potion of resistance
 n - 2 potions of magic {unknown}
 p - 3 potions of heal wounds {unknown}
 u - 2 potions of flight {unknown}
 v - a potion of curing {unknown}
Comestibles
 f - 4 rations


   Skills:
 + Level 4.5 Fighting
 + Level 4.1 Long Blades
 + Level 4.5 Armour
 + Level 0.3 Dodging
 + Level 3.9 Shields


You had 4 spell levels left.
You didn't know any spells.

Dungeon Overview and Level Annotations

Branches:
Dungeon (4/15)
 Temple: D:4-7

Altars:
Fedhas
Kikubaaqudgha
Sif Muna
Zin


Message History

You hit the ogre.
The ogre is lightly wounded.
The ogre closely misses you.
Your shield and scale mail prevent you from hitting the ogre.
The ogre is lightly wounded.
The ogre hits you with a giant spiked club!
You slash the ogre!
The ogre is heavily wounded.
You hit the ogre but do no damage.
The ogre is heavily wounded.
The ogre hits you with a giant spiked club!!
Ouch! That really hurt!
* * * LOW HITPOINT WARNING * * *
You slash the ogre!
The ogre is severely wounded.
You block the ogre's attack.
You hit the ogre but do no damage.
The ogre is severely wounded.
The ogre hits you with a giant spiked club!!
You die...

#.# #.#
#.# #.#
#.# #.#
#O#
#######@#
#.......#
#.#######
#.# #.#
##.# #..#
#.## #.#


You could see an ogre.

Vanquished Creatures
  An orc wizard (D:3)
  Jessica (D:2)
  4 adders
  An adder skeleton (D:3)
  4 worms
  4 dart slugs
  2 leopard geckos
  4 orcs (D:3)
  2 giant cockroaches
  8 goblins
  9 hobgoblins
  3 jackals (D:2)
  7 kobolds
  A quokka (D:3)
  A ball python (D:3)
  7 bats
  2 frilled lizards (D:3)
  10 rats
71 creatures vanquished.

Notes
Turn   | Place    | Note
-------+----------+-------------------------------------------
     0 | D:1      | senseless the Hill Orc Fighter began the quest for the Orb.
     0 | D:1      | Reached XP level 1. HP: 19/19 MP: 1/1
   108 | D:1      | Reached XP level 2. HP: 27/27 MP: 2/2
   836 | D:2      | Reached XP level 3. HP: 8/33 MP: 3/3
  1099 | D:2      | Found a blossoming altar of Fedhas.
  1106 | D:2      | Found a deep blue altar of Sif Muna.
  1109 | D:2      | Found a glowing silver altar of Zin.
  1235 | D:2      | Noticed Jessica
  1270 | D:2      | Killed Jessica
  1270 | D:2      | Reached XP level 4. HP: 23/40 MP: 4/4
  1893 | D:3      | Reached XP level 5. HP: 46/47 MP: 5/5
  2055 | D:3      | Found an ancient bone altar of Kikubaaqudgha.
  2668 | D:4      | Noticed an ogre
  2677 | D:4      | Mangled by an ogre

Skill      XL: |  1  2  3  4  5 |
---------------+----------------+-----
Fighting       | 4 |  4.5
Long Blades    | 3 4 |  4.1
Armour         | 4 |  4.5
Dodging        | |  0.3
Shields        | |  3.9

Action                   |  1- 3 |  4- 6 || total
-------------------------+-------+-------++-------
Melee: Long sword        |    84 |   152 ||   236
  Use: Potion            |       |     1 ||     1
  Eat: Chunk             |     1 |     4 ||     5
Armor: Scale mail        |    24 |    56 ||    80
Dodge: Dodged            |    29 |    40 ||    69
Block: Shield            |    34 |    73 ||   107
       Rpst.: Long sword |     9 |     7 ||    16
